 Dungeon Crawl Stone Soup version 0.27-a0-1331-g60ef6b6952 (webtiles) character file.

Game seed: 1409640855511959988

239641 Delamore the Impaler (level 20, 0/159 (168) HPs)
             Began as a Formicid Fighter on June 24, 2021.
             Was an Initiate of Gozag.
             Killed from afar by an ancient champion (44 damage)
             ... with an iron shot
             ... on level 1 of the Crypt on June 25, 2021.
             The game lasted 00:50:19 (43406 turns).

Delamore the Impaler (Formicid Fighter)            Turns: 43406, Time: 00:50:19

HP:   0/159 (168)   AC: 24    Str: 40    XL:     20   Next: 55%
MP:   3/3           EV: 11    Int:  6    God:    Gozag
Gold: 1602          SH: 27    Dex:  8    Spells: 19/19 levels left

rFire    + + +     SeeInvis +   m - +4 glaive "Delamore's Curse" {antimagic, rElec rF+ Str+4}
rCold    + . .     Faith    .   p - +3 tower shield {AC+3}
rNeg     + . .     Spirit   .   q - +6 ring mail of Pandemonium {Rampage rPois rF+ MP-9 Stlth+}
rPois    +         Reflect  .   (helmet unavailable)
rElec    +         Harm     .   L - +1 cloak {rCorr}
rCorr    +         Rampage  +   U - +0 pair of gloves "Oxiud" {*Slow Str+9 Int-5 Slay+5}
Will     +++++     Clarity  +   O - +2 pair of boots
Stlth    +.........             Y - amulet of the Four Winds {rN+ Will+++ Clar}
HPRegen  0.36/turn              e - ring of protection from fire
MPRegen  0.08/turn              y - ring of protection from cold

@: marked, flayed, studying Armour, drained
A: permanent stasis, dig shafts and tunnels, antennae 3, four strong arms,
clumsy 1
}: 1/15 runes: serpentine
a: Dig, Shaft Self, Renounce Religion, Potion Petition, Call Merchant, Bribe
Branch


You were on level 1 of the Crypt.
You worshipped Gozag.
Gozag was most pleased with you.
You visited 7 branches of the dungeon, and saw 31 of its levels.

You collected 12251 gold pieces.
You spent 4635 gold pieces at shops.
You paid 6014 gold pieces to Gozag.

Inventory:

Hand Weapons
 a - a +0 vorpal trident
 m - the +4 glaive "Delamore's Curse" (weapon) {antimagic, rElec rF+ Str+4}
   (You bought it in a shop on level 1 of the Vaults)

   It reduces the magical energy of the wielder, and disrupts the spells and
   magical abilities of those hit.
   Natural abilities and divine invocations are not affected.
   It affects your strength (+4).
   It protects you from fire.
   It insulates you from electricity.
 x - a +0 halberd
 J - a +9 halberd of protection
Missiles
 b - 112 poisoned darts
 c - 3 curare-tipped darts
 r - 4 throwing nets
 A - 5 boomerangs (quivered)
 K - 15 javelins
Armour
 p - a +3 tower shield of protection (worn)
 q - the +6 ring mail of Pandemonium (worn) {Rampage rPois rF+ MP-9 Stlth+}
   (You found it on level 4 of the Dungeon)

   It protects you from fire.
   It protects you from poison.
   It affects your magic capacity (-9).
   It bestows one free step when moving towards enemies.
   It makes you more stealthy.
 L - a +1 cloak of preservation (worn)
 O - a +2 pair of boots (worn)
 U - the +0 pair of gloves "Oxiud" (worn) {*Slow Str+9 Int-5 Slay+5}
   (You found it on level 4 of the Snake Pit)

   It affects your strength (+9).
   It affects your intelligence (-5).
   It affects your accuracy and damage with ranged weapons and melee attacks
   (+5).
   It may slow you when you take damage.
Jewellery
 e - a ring of protection from fire (left hand)
 g - a +4 ring of protection
 y - a ring of protection from cold (right hand)
 H - a ring of resist corrosion
 P - a ring of ice
 R - a ring of willpower
 Y - the amulet of the Four Winds (around neck) {rN+ Will+++ Clar}
   (You bought it in a shop on level 3 of the Snake Pit)

   [amulet of nothing]

   It protects you from negative energy.
   It protects you against confusion.
   It greatly increases your willpower.
Wands
 i - a wand of digging (12)
 z - a wand of flame (28)
 B - a wand of mindburst (10)
 C - a wand of iceblast (27)
 D - a wand of acid (35)
 Q - a wand of paralysis (15)
Scrolls
 n - 2 scrolls of amnesia
 u - 3 scrolls of enchant weapon
 E - 2 scrolls of immolation
 F - 3 scrolls of fog
 N - 3 scrolls of fear
 S - 12 scrolls of identify
 T - 2 scrolls of noise
 V - a scroll of holy word
Potions
 d - 9 potions of might
 h - 6 potions of curing
 j - 5 potions of cancellation
 k - 3 potions of lignification
 l - 4 potions of magic
 o - 3 potions of brilliance
 s - 5 potions of attraction
 t - 7 potions of heal wounds
 v - 3 potions of invisibility
 w - a potion of ambrosia
 G - 2 potions of flight
 I - 5 potions of mutation
 M - 3 potions of resistance
Miscellaneous
 f - a tin of tremorstones (2/2)


   Skills:
 * Level 17.4 Fighting
 - Level 20.0 Polearms
 - Level 10.0 Throwing
 + Level 13.7 Armour
 + Level 16.4 Shields
 + Level 12.1 Evocations


You had 19 spell levels left.
You didn't know any spells.
Your spell library contained the following spells:

 Spells                   Type           Power      Damage    Failure   Level
 Animate Skeleton         Necr           0%         N/A       52%         1
 Apportation              Tloc           0%         N/A       52%         1
 Beastly Appendage        Tmut           0%         N/A       52%         1
 Corona                   Hex            0%         N/A       52%         1
 Pain                     Necr           0%         1d4       52%         1
 Summon Small Mammal      Summ           0%         N/A       52%         1
 Ensorcelled Hibernation  Hex/Ice        0%         N/A       65%         2
 Wereblood                Tmut           0%         N/A       65%         2
 Confusing Touch          Hex            0%         N/A       87%         3
 Dazzling Flash           Conj/Hex       0%         N/A       87%         3
 Ignite Poison            Fire/Tmut/Pois 0%         N/A       87%         3
 Spider Form              Tmut/Pois      0%         N/A       87%         3
 Tukima's Dance           Hex            0%         N/A       87%         3
 Vampiric Draining        Necr           0%         2d6       87%         3
 Animate Dead             Necr           0%         N/A       99%         4
 Cause Fear               Hex            0%         N/A       99%         4
 Ice Form                 Ice/Tmut       0%         N/A       99%         4
 Summon Ice Beast         Ice/Summ       0%         N/A       99%         4
 Agony                    Necr           0%         N/A       100%        5
 Borgnjor's Vile Clutch   Necr/Erth      0%         N/A       100%        5
 Fireball                 Conj/Fire      0%         3d3       100%        5
 Freezing Cloud           Conj/Ice/Air   0%         6-21      100%        5
 Silence                  Hex/Air        0%         N/A       100%        5
 Yara's Violent Unravell  Hex/Tmut       0%         3d3       100%        5
 Death Channel            Necr           0%         N/A       100%        6
 Simulacrum               Ice/Necr       0%         N/A       100%        6
 Starburst                Conj/Fire      0%         8x6d3     100%        6
 Ozocubu's Refrigeration  Ice            0%         4d5       100%        7
 Discord                  Hex            0%         N/A       100%        8
 Ignition                 Fire           0%         3d3       100%        8


Dungeon Overview and Level Annotations

Branches:
Dungeon (15/15)            Temple (1/1) D:6            Lair (6/6) D:10
 Shoals (0/4) Lair:2        Snake (4/4) Lair:2        Slime (0/5) Lair:6
    Orc (2/2) D:10            Elf (0/3) Orc:2        Vaults (2/5) D:13
  Crypt (1/3) Vaults:2     Depths (0/5) D:15

Altars:
Ashenzari
Cheibriados
Dithmenos
Elyvilon
Fedhas
Gozag
Hepliaklqana
Kikubaaqudgha
Makhleb
Nemelex Xobeh
Okawaru
Qazlal
Ru
Sif Muna
Trog
Uskayaw
Vehumet
Wu Jian
Xom
Yredelemnul
Zin
The Shining One
Jiyva

Shops:
D:4 *   D:9 [   D:13 [   Orc:2 (:*:   Lair:2 ?   Lair:5 !   Snake:2 =:(
Snake:3 =:   Snake:4 ?(   Vaults:1 (

Portals:
Trove: D:10 (give 10 potions of heal wounds)

Annotations:
D:15 2 transporters, wpisznazwe's ghost, journeyman DsBe


Innate Abilities, Weirdness & Mutations

You cannot be hasted, slowed, berserked, paralysed or teleported.
You can dig through walls and to a lower floor.
You have a pair of large antennae on your head. (SInv)
Your four strong arms can wield two-handed weapons with a shield.
You are clumsy. (Dex -2)


Message History

The human simulacrum closely misses you.
The spectral anaconda constricts you but does no damage.
You block the spectral anaconda's attack.
You slice the phantasmal warrior!!
The phantasmal warrior's magic leaks into the air.
The phantasmal warrior is heavily damaged.
You block the ancient champion's attack.
The phantasmal warrior hits you!
You block the spectral anaconda's attack. x2
The human simulacrum hits you but does no damage.
The ancient champion hits you with a +2 great sword of draining!!
You partially resist.
You feel drained.
You block the spectral anaconda's attack. x2
A jiangshi comes into view.
The ancient champion hits you with a +2 great sword of draining.
You partially resist.
You feel drained.
You block the phantasmal warrior's attack.
The spectral quicksilver dragon closely misses you.
The spectral quicksilver dragon claws you but does no damage.
The spectral anaconda constricts you but does no damage.
The spectral anaconda bites you!
A skeletal warrior comes into view. It is wielding a +0 flail.
You block the spectral anaconda's attack. x2
A jiangshi comes into view.
The phantasmal warrior closely misses you.
The ancient champion hits you with a +2 great sword of draining!!
You partially resist.
You feel drained.
Things that are here:
6 gold pieces; a +1 great mace; a +0 chain mail The flayed ghost cries, "Suffer as I suffered!"
Terrible wounds open up all over your body!
* * * LOW HITPOINT WARNING * * *
You block the spectral anaconda's attack. x2
The spectral anaconda barely misses you.
You block the spectral anaconda's attack.
The phantasmal warrior falters for a moment.
The ancient champion points at you and mumbles some strange words.
The iron shot hits you!!!
You die...
Your body crumbles into a pile of gold.

+.....nz...
###+###.Z.nn.....
.......ZWnZV.....
......zZVn.......
......$W.zz......
#######ZWZ....... $
#ZzZ.......
#..........
#@..#......
#########...#......
....{..<....#......
#########...# ..#.
#...# #...# #...#
#...# #....{ $


You could see 3 ghouls, an ancient champion (fast), 2 skeletal warriors, 2
jiangshi, a flayed ghost (summoned), a curse skull, a phantasmal warrior
(summoned), a spectral anaconda (summoned), a spectral shadow dragon (summoned),
a spectral quicksilver dragon (summoned), a wraith, a necrophage, a frost giant
simulacrum (summoned), a human simulacrum (summoned), a catoblepas zombie, a
frost giant skeleton (summoned) and a shock serpent skeleton.

Vanquished Creatures
  Jorgrun (Snake:3)
  Frances (D:14)
  Gastronok (D:8)
  Kirke (D:14)
  6 nagarajas
  A deep elf sorcerer (Vaults:2)
  4 vault wardens
  A frost giant (Vaults:1)
  A quicksilver ooze (shapeshifter) (D:13)
  7 ironbound preservers
  A war gargoyle (Vaults:1)
  Nessos (D:12)
  A dire elephant (Vaults:1)
  2 vampire knights
  Azrael (D:15)
  Snorg (D:10)
  Josephine (D:11)
  A fire dragon (D:15)
  A great orb of eyes (Vaults:2)
  An eidolon (Vaults:2)
  A crystal guardian (Vaults:1)
  A jiangshi (Vaults:2)
  A yaktaur captain (Vaults:1)
  2 salamander tyrants (Snake:4)
  17 naga warriors
  An ice dragon (D:15)
  3 vault guards (Vaults:2)
  5 ironbound thunderhulks
  Harold (D:11)
  2 boulder beetles (D:12)
  9 hydras
  4 centaur warriors
  14 anacondas
  3 catoblepae
  2 ironbound frosthearts
  A peacekeeper (Vaults:1)
  7 two-headed ogres
  4 death yaks (Lair:6)
  4 death knights
  A tengu warrior (D:15)
  A deep troll shaman (Lair:6)
  Urug (D:10)
  A satyr (shapeshifter) (D:15)
  An orc high priest (Orc:2)
  3 ironbound beastmasters
  17 naga sharpshooters
  6 shock serpents
  A soul eater (Vaults:2)
  Sonja (D:11)
  Nergalle (D:11)
  A shadow wraith (Vaults:1)
  2 salamander mystics (Snake:4)
  9 skeletal warriors
  18 deep trolls
  7 sea snakes (Snake:3)
  4 wizards
  7 ironbound convokers
  10 naga ritualists
  3 phantasmal warriors (D:12)
  6 lindwurms
  A necromancer (Vaults:1)
  4 orc sorcerers (Orc:2)
  3 deep elf pyromancers
  3 orc knights
  An oklob plant (Lair:5)
  8 mana vipers
  16 ugly things
  A manticore (D:8)
  5 cyclopes
  A moth of wrath (D:8)
  2 guardian serpents (Snake:3)
  8 salamanders
  Maurice (D:12)
  6 vault sentinels
  A torpor snail (Lair:3)
  49 black mambas
  17 elephants
  4 gargoyles
  17 cane toads
  18 naga magi
  An unseen horror (D:12)
  2 kobold demonologists
  3 efreet
  14 yaktaurs
  2 rime drakes
  6 komodo dragons
  3 tengu conjurers
  4 freezing wraiths
  3 polar bears
  8 trolls
  An ettin zombie (Vaults:1)
  3 hornets
  Grinder (D:4)
  7 blink frogs (Lair:3)
  8 slime creatures
  2 human simulacra (Vaults:1)
  A centaur simulacrum (D:15)
  2 shadows
  6 wyverns
  2 basilisks
  7 wraiths
  2 fire elementals (D:15)
  45 yaks
  2 hogs (D:14)
  14 vampire mosquitoes
  16 humans
  3 steam dragons
  A warg (Orc:2)
  An acid dragon (D:11)
  41 nagas
  5 hell hounds (D:15)
  15 water moccasins
  4 black bears
  2 ice beasts
  A sky beast (D:7)
  A necrophage (D:5)
  23 orc warriors
  7 centaurs
  7 ogres
  25 wolves
  4 boggarts (Vaults:2)
  A phantom (D:5)
  6 kobold brigands
  16 bullfrogs
  A wyvern zombie (D:8)
  8 scorpions
  9 killer bees
  An orc simulacrum (Vaults:1)
  7 wights
  An electric eel (D:9)
  4 howler monkeys
  7 centaur zombies
  21 orc priests
  A hound (D:3)
  3 jellies
  Crazy Yiuf (D:3)
  A centaur skeleton (D:4)
  Jessica (D:3)
  2 gnoll shamans
  Terence (D:3)
  12 hell rats
  Natasha (D:2)
  33 orc wizards
  A hound skeleton (D:4)
  2 howler monkey zombies
  14 gnolls
  An adder (D:6)
  11 river rats (Lair:3)
  2 shadow imps
  5 white imps
  An adder skeleton (D:4)
  3 dart slugs
  64 orcs
  7 ball pythons
  5 bats
  7 endoplasms
  4 giant cockroaches
  10 goblins
  5 hobgoblins
  3 jackals (D:1)
  11 quokkas
  A ball python zombie (Crypt:1)
  4 frilled lizards
  27 kobolds
  17 rats
1032 creatures vanquished.

Vanquished Creatures (collateral kills)
  A butterfly (Lair:3)
1 creature vanquished.

Vanquished Creatures (others)
  A slime creature (D:15)
  31 fungi
  45 plants
77 creatures vanquished.

Grand Total: 1110 creatures vanquished

Notes
Turn   | Place    | Note
-------+----------+-------------------------------------------
     0 | D:1      | Delamore the Formicid Fighter began the quest for the Orb.
     0 | D:1      | Reached XP level 1. HP: 18/18 MP: 1/1
   118 | D:1      | Reached XP level 2. HP: 19/24 MP: 2/2
   548 | D:1      | Reached XP level 3. HP: 30/30 MP: 3/3
   571 | D:1      | Reached skill level 3 in Polearms
  1150 | D:2      | Reached XP level 4. HP: 37/37 MP: 4/4
  1488 | D:2      | Noticed Natasha
  1493 | D:2      | Killed Natasha
  1672 | D:3      | Noticed Jessica
  1689 | D:3      | Killed Jessica
  1690 | D:3      | Reached skill level 4 in Polearms
  1690 | D:3      | Reached XP level 5. HP: 37/43 MP: 5/5
  2027 | D:3      | Noticed Terence
  2037 | D:3      | Killed Terence
  2229 | D:3      | Reached XP level 6. HP: 39/49 MP: 6/6
  2322 | D:3      | Reached skill level 5 in Polearms
  2574 | D:3      | Found a runed translucent door.
  2575 | D:3      | Noticed Crazy Yiuf
  2738 | D:3      | Killed Crazy Yiuf
  2739 | D:3      | Reached skill level 5 in Fighting
  3034 | D:4      | Identified the +6 ring mail of Pandemonium {Rampage rPois
                  | rF+ MP-9 Stlth+}
  3114 | D:4      | Found Geerph's Assorted Antiques.
  3115 | D:4      | Noticed a black bear
  3120 | D:4      | Killed a black bear
  3121 | D:4      | Reached skill level 6 in Polearms
  3121 | D:4      | Reached XP level 7. HP: 56/56 MP: 0/7
  3128 | D:4      | Bought a scroll labelled BUILAINOKO for 33 gold pieces
  3128 | D:4      | Bought a scroll labelled LIJIBU HOTHRUKO for 33 gold pieces
  3128 | D:4      | Bought a metallic pink potion for 29 gold pieces
  3128 | D:4      | Bought 2 fizzy green potions for 59 gold pieces
  3194 | D:4      | Noticed Grinder
  3198 | D:4      | Noticed a water moccasin
  3223 | D:4      | Killed a water moccasin
  3224 | D:4      | Reached skill level 7 in Polearms
  4119 | D:4      | Killed Grinder
  4120 | D:4      | Reached skill level 8 in Polearms
  4120 | D:4      | Reached XP level 8. HP: 62/62 MP: 0/8
  4128 | D:5      | Entered Level 5 of the Dungeon
  4327 | D:5      | Reached skill level 9 in Polearms
  4664 | D:6      | Found an iron altar of Okawaru.
  4955 | D:5      | Reached skill level 10 in Polearms
  4955 | D:5      | Reached XP level 9. HP: 51/68 MP: 0/9
  5108 | D:6      | Found a staircase to the Ecumenical Temple.
  5117 | Temple   | Entered the Ecumenical Temple
  5466 | Temple   | Became a worshipper of Gozag Ym Sagoz the Greedy
  6294 | D:7      | Reached skill level 11 in Polearms
  6438 | D:7      | Noticed a deep elf pyromancer
  6449 | D:7      | Killed a deep elf pyromancer
  6671 | D:7      | Reached skill level 12 in Polearms
  7158 | D:8      | Noticed a white ugly thing
  7183 | D:7      | HP: 1/68 [white ugly thing (10)]
  7185 | D:7      | Killed a white ugly thing
  7186 | D:7      | Reached XP level 10. HP: 27/74 MP: 1/10
  7416 | D:8      | Noticed a manticore
  7432 | D:7      | Reached skill level 13 in Polearms
  7896 | D:8      | Killed a manticore
  8283 | D:8      | Noticed a gargoyle
  8348 | D:7      | Killed a gargoyle
  8390 | D:8      | Reached skill level 14 in Polearms
  8404 | D:8      | Reached skill level 1 in Evocations
  8801 | D:8      | Noticed a moth of wrath
  8803 | D:8      | Noticed Gastronok
  8804 | D:8      | Found a bloodstained altar of Trog.
  9264 | D:8      | Killed a moth of wrath
  9265 | D:8      | Reached skill level 5 in Shields
  9265 | D:8      | Reached XP level 11. HP: 77/81 MP: 2/11
  9282 | D:8      | Killed Gastronok
  9557 | D:8      | Found a glowing silver altar of Zin.
  9557 | D:8      | Found a sacrificial altar of Ru.
  9582 | D:8      | Found a burning altar of Makhleb.
  9584 | D:8      | Noticed a green death
  9950 | D:9      | Noticed a two-headed ogre
 10178 | D:8      | Killed a two-headed ogre
 10179 | D:8      | Reached skill level 5 in Evocations
 10484 | D:9      | Noticed a two-headed ogre
 10494 | D:9      | Killed a two-headed ogre
 11007 | D:9      | Noticed a white ugly thing
 11012 | D:9      | Noticed a red ugly thing
 11041 | D:8      | Killed a white ugly thing
 11042 | D:8      | Reached skill level 10 in Fighting
 11042 | D:8      | Reached XP level 12. HP: 48/97 MP: 3/12
 11358 | D:9      | Reached skill level 1 in Throwing
 11586 | D:9      | Found a broken altar of Ashenzari.
 11586 | D:9      | Found an ornate altar of the Wu Jian Council.
 11593 | D:9      | Noticed a two-headed ogre
 11600 | D:9      | Killed a two-headed ogre
 11973 | D:10     | Entered Level 10 of the Dungeon
 11973 | D:10     | Noticed Urug
 11987 | D:10     | Killed Urug
 11988 | D:10     | Reached skill level 5 in Armour
 12358 | D:10     | Noticed a two-headed ogre
 12367 | D:10     | Killed a two-headed ogre
 12405 | D:10     | Noticed Snorg
 12462 | D:10     | Killed Snorg
 12816 | D:10     | Found a staircase to the Lair.
 13066 | D:10     | Found a staircase to the Orcish Mines.
 13150 | D:10     | Found a portal to a secret trove of treasure.
 13242 | D:9      | Bought a slimy plate armour for 756 gold pieces
 13242 | D:9      | Identified the +0 plate armour "Ycoreiph" {rElec rF+} (You
                  | bought it in a shop on level 9 of the Dungeon)
 13301 | Lair:1   | Entered Level 1 of the Lair of Beasts
 13402 | Lair:1   | Reached skill level 5 in Throwing
 13412 | Lair:1   | Reached XP level 13. HP: 103/103 MP: 4/13
 13423 | Lair:1   | Reached skill level 10 in Shields
 13423 | Lair:1   | Reached XP level 14. HP: 110/110 MP: 5/14
 14466 | Lair:2   | Found a staircase to the Shoals.
 14755 | Lair:2   | Reached skill level 15 in Polearms
 15012 | Lair:2   | Found a staircase to the Snake Pit.
 15371 | Lair:2   | Bought 2 scrolls of identify for 48 gold pieces
 15371 | Lair:2   | Bought a scroll of identify for 24 gold pieces
 15371 | Lair:2   | Bought a scroll of noise for 12 gold pieces
 15371 | Lair:2   | Bought a scroll of enchant weapon for 90 gold pieces
 15371 | Lair:2   | Bought a scroll of fog for 24 gold pieces
 15371 | Lair:2   | Bought a scroll of enchant weapon for 90 gold pieces
 17397 | Lair:4   | Reached skill level 10 in Armour
 17828 | Lair:4   | Reached XP level 15. HP: 96/115 MP: 6/15
 17900 | Lair:4   | Found an ornate altar of the Wu Jian Council.
 18626 | Lair:5   | Bought a potion of might for 48 gold pieces
 18626 | Lair:5   | Bought a potion of heal wounds for 60 gold pieces
 19373 | Lair:6   | Entered Level 6 of the Lair of Beasts
 19478 | Lair:6   | Found a staircase to the Slime Pits.
 19478 | Lair:6   | Found a viscous altar of Jiyva.
 19675 | Lair:6   | Reached skill level 16 in Polearms
 19999 | Lair:6   | Reached skill level 10 in Throwing
 20261 | Lair:6   | Identified a scroll of acquirement
 20262 | Lair:6   | Acquired a manual of Armour
 21013 | Orc:1    | Entered Level 1 of the Orcish Mines
 21343 | Orc:2    | Entered Level 2 of the Orcish Mines
 22257 | Orc:2    | Found Hufull's Assorted Antiques.
 22257 | Orc:2    | Found Naliagh's Book Emporium.
 22257 | Orc:2    | Found Sipakeos's Book Shoppe.
 22262 | Orc:2    | Found Lype's Antique Weapon Shoppe.
 22539 | Orc:2    | Reached skill level 15 in Shields
 22823 | Orc:2    | Found a staircase to the Elven Halls.
 23293 | Orc:2    | Bought twisted storm dragon scales for 2295 gold pieces
 23293 | Orc:2    | Identified the +2 storm dragon scales "Suwem" {+Inv rElec}
                  | (You bought it in a shop on level 2 of the Orcish Mines)
 23352 | D:11     | Noticed Josephine
 23365 | D:11     | Killed Josephine
 23636 | D:11     | Noticed Harold
 23643 | D:11     | Killed Harold
 23644 | D:11     | Reached XP level 16. HP: 123/123 MP: 7/16
 23815 | D:11     | Noticed Sonja
 23823 | D:11     | Killed Sonja
 24091 | D:12     | Noticed Nergalle
 24102 | D:11     | Killed Nergalle
 24205 | D:12     | Noticed Nessos
 24212 | D:12     | Killed Nessos
 26096 | D:13     | Found a gate to the Vaults.
 26096 | D:13     | Found the +3 crown of Dyrovepreva {rElec Int+2 SInv}
 26096 | D:13     | Noticed Maurice
 26330 | D:12     | Killed Maurice
 28764 | D:14     | Acquired a +0 tower shield of protection
 28863 | D:14     | Noticed Kirke
 28873 | D:14     | Killed Kirke
 28890 | D:14     | Reached skill level 17 in Polearms
 29195 | D:14     | Noticed Frances
 29202 | D:14     | Gained mutation: You are clumsy. (Dex -2) [a neqoxec]
 29205 | D:14     | Killed Frances
 29346 | D:15     | Entered Level 15 of the Dungeon
 29367 | D:15     | Reached XP level 17. HP: 79/133 MP: 8/17
 29901 | D:15     | Found a transporter.
 29929 | D:15     | Noticed wpisznazwe's ghost (journeyman DsBe)
 29929 | D:15     | Noticed Azrael
 29972 | D:15     | Killed Azrael
 30153 | D:15     | Reached skill level 10 in Evocations
 30178 | D:15     | Found a transporter.
 30257 | D:15     | Found a staircase to the Depths.
 30942 | D:15     | Found a radiant altar of Vehumet.
 31231 | Snake:1  | Entered Level 1 of the Snake Pit
 32391 | Snake:2  | Reached skill level 18 in Polearms
 32914 | Snake:2  | Found Cifoq's Weapon Emporium.
 32922 | Snake:2  | Found Xuoler's Book Shoppe.
 33194 | Snake:3  | Reached XP level 18. HP: 98/147 MP: 9/18
 34382 | Snake:3  | Found Puen's Jewellery Boutique.
 34401 | Snake:3  | Reached skill level 15 in Fighting
 34449 | Snake:3  | Noticed Jorgrun
 34458 | Snake:3  | Killed Jorgrun
 34734 | Snake:3  | Found Namu's Book Boutique.
 34765 | Snake:3  | Bought the amulet of the Four Winds {rN+ Will+++ Clar} for
                  | 570 gold pieces
 34765 | Snake:3  | Found the amulet of the Four Winds {rN+ Will+++ Clar}
 34867 | Snake:3  | Reached skill level 19 in Polearms
 35940 | Snake:4  | Entered Level 4 of the Snake Pit
 36335 | Snake:4  | Reached skill level 20 in Polearms
 36855 | Snake:4  | Reached XP level 19. HP: 132/155 MP: 10/19
 37815 | Snake:4  | Bought a scroll of fog for 24 gold pieces
 37815 | Snake:4  | Bought a scroll of fear for 42 gold pieces
 37815 | Snake:4  | Bought a scroll of immolation for 42 gold pieces
 37950 | Snake:4  | Found Esiboeff's Antique Weapon Emporium.
 38101 | Snake:4  | HP: 2/155 [shock serpent/bolt of electricity (9)]
 39397 | Snake:4  | Got a serpentine rune of Zot
 39536 | Snake:4  | Identified the +0 pair of gloves "Oxiud" {*Slow Str+9 Int-5
                  | Slay+5}
 39818 | Vaults:1 | Entered Level 1 of the Vaults
 40924 | Vaults:1 | Found Gueryb's Antique Weapon Shop.
 41088 | Vaults:1 | Bought a masterwork glaive for 356 gold pieces
 41088 | Vaults:1 | Identified the +4 glaive "Delamore's Curse" {antimagic,
                  | rElec rF+ Str+4} (You bought it in a shop on level 1 of the
                  | Vaults)
 41476 | Vaults:2 | Reached XP level 20. HP: 150/166 MP: 3/20
 42318 | Vaults:2 | Found a staircase to the Crypt.
 43369 | Crypt:1  | Entered Level 1 of the Crypt
 43406 | Crypt:1  | Killed from afar by an ancient champion

Illustrated notes

Levels and vault maps discovered:
D:1:      scummos_arrival_hexagon, layout_loops_ring, corexii_leaking_fountain,
          minmay_tree_intersection
D:2:      layout_loops_ring, uniq_natasha
D:3:      layout_loops_corners, uniq_jessica, uniq_crazy_yiuf_cottage,
          uniq_terence
D:4:      layout_rooms, serial_shops, shop, uniq_grinder
D:5:      layout_cave_pools
D:6:      layout_cave_pools, lemuel_tele_altar, minmay_temple_entry_waves
D:7:      layout_gridville
D:8:      minmay_s_stair_smasher, layout_loops_ring, tgw_trog,
          makhleb_altar_promises_db, gammafunk_temple_overflow_elements,
          uniq_gastronok
D:9:      cheibrodos_fzero, layout_irregular_city,
          chequers_temple_overflow_statue_of_worship, water_boxes_lemuel
D:10:     layout_basic, minmay_lair_entry_grove, orc_0_dummy,
          nicolae_trove_entry_crystal, uniq_urug, uniq_snorg
D:11:     layout_basic, uniq_sonja, uniq_josephine, uniq_harold
D:12:     layout_layer_cave, gauntlet_entry_generic, uniq_nessos, uniq_nergalle
D:13:     layout_loops_ring, david_vaults_3, uniq_maurice
D:14:     layout_roguey, serial_corexii_hall, chequers_hall_statues_corner_a,
          corexii_hall_statues_s, uniq_frances, uniq_kirke
D:15:     grunt_enter_depths_hoard, layout_small_grid, nzn_ghost_randoct,
          nicolae_vehumet_altar_sigil, uniq_azrael
Temple:   regret_index_temple_generic_petals
Lair:1:   layout_concentric_octagons
Lair:2:   layout_roguey, elwin_shoals_entry_rocks, dummy_snake_entry
Lair:3:   lemuel_ratsnest, layout_regular_city, lemuel_fruit_fields
Lair:4:   layout_concentric_octagons, lemuel_centaur_altar
Lair:5:   layout_loops_ring, nicolae_lair_grove_arrangements
Lair:6:   grunt_lair_end_beastmaster, layout_loops_ring, slime_altar_1
Snake:1:  layout_misc_corridors
Snake:2:  layout_misc_corridors, serial_bayou_shore_b, minmay_shoptagon
Snake:3:  minmay_snake_river, layout_rooms, serial_shops,
          nicolae_shop_competitors_out_of_business,
          nicolae_snake_yet_another_twisty_hallway, drop_trap, minmay_shop_star,
          uniq_jorgrun
Snake:4:  minmay_snake_end_coiled, layout_cave_town, serial_shops,
          nicolae_shop_overgrown_old_shop, st_stairs_13, serial_bayou_shore_b
Orc:1:    layout_caves
Orc:2:    st_orc_mages, layout_caves
Vaults:1: v_alt_pattern_6, vaults_mumra_lcd, v_alt_pattern_3, v_misc_2,
          v_misc_10, vaults_room_grid, vaults_dpeg_spiral,
          nicolae_vaults_stairing_the_circle, dpeg_vaults_monster_box,
          ontoclasm_vaults_fault, ontoclasm_vaults_loading_screen,
          vaults_standard_mumra_x, layout_vaults_maze_snakey, serial_shops, shop
Vaults:2: minmay_crypt_entry_simple_round, grunt_vaults_bifocal,
          vaults_mumra_hexcomb, serial_ice_g, vaults_room_pools,
          vaults_room_fours, hangedman_vaults_river_flow, v_misc_18,
          vaults_room_fancy_cross, v_misc_33, nicolae_vaults_theta,
          nicolae_vaults_rhombus_5, hangedman_vaults_cutoff,
          nicolae_vaults_little_squares_4, layout_vaults_omnicross
Crypt:1:  layout_chaotic_city, grunt_megastairs_5

Skill      XL: |  1  2  3  4  5  6  7  8  9 10 11 12 13 14 15 16 17 18 19 20 |
---------------+-------------------------------------------------------------+-----
Polearms       | 3 4 6 8 10 12 14 15 16 17 18 20 | 20.0
Fighting       | 4 5 10 12 14 15 16 17 | 17.4
Evocations     | 2 5 6 9 10 11 12 | 12.1
Shields        | 5 7 9 10 12 15 16 | 16.4
Throwing       | 5 6 8 10 | 10.0
Armour         | 6 8 10 12 13 | 13.7

Action                   |  1- 3 |  4- 6 |  7- 9 | 10-12 | 13-15 | 16-18 | 19-21 || total
-------------------------+-------+-------+-------+-------+-------+-------+-------++-------
Melee: Trident           |   115 |   135 |   322 |   487 |     8 |       |       ||  1067
       Halberd           |       |       |       |   138 |   948 |  1387 |   418 ||  2891
       Glaive            |       |       |       |       |       |       |   273 ||   273
Throw: Dart              |       |       |       |    27 |    13 |    24 |     1 ||    65
       Boomerang         |       |       |       |       |     9 |       |    32 ||    41
Invok: Call Merchant     |       |       |       |     1 |     2 |     2 |     1 ||     6
       Potion Petition   |       |       |       |       |     1 |       |     1 ||     2
 Abil: Dig               |       |     2 |       |     9 |    11 |    10 |     1 ||    33
Evoke: Wand              |       |     2 |    19 |     7 |       |     1 |       ||    29
  Use: Scroll            |     2 |     2 |     7 |     6 |    14 |     7 |     2 ||    40
       Potion            |       |       |     1 |       |     2 |     3 |     5 ||    11
 Stab: Sleeping          |       |       |     4 |     1 |     5 |     1 |       ||    11
       Distracted        |       |       |       |     6 |     8 |     7 |     1 ||    22
Armor: Scale mail        |    44 |    31 |       |       |       |       |       ||    75
       Ring mail         |       |       |   117 |   150 |   190 |   263 |   103 ||   823
Dodge: Dodged            |    29 |    28 |    69 |    97 |   145 |   188 |    77 ||   633
Block: Kite shield       |    36 |    78 |   270 |   359 |   528 |       |       ||  1271
       Reflection        |       |     2 |     7 |    14 |    15 |    50 |       ||    88
       Tower shield      |       |       |       |       |    60 |  1186 |   490 ||  1736

Table legend: (Time is in decaauts)
 A = Elapsed time spent in this place.
 B = Non-inter-level travel time spent in this place.
 C = Inter-level travel time spent in this place.
 D = Time resting spent in this place.
 E = Time spent auto-exploring this place.
 F = Levels seen in this place.
 G = Mean time per level.
                   A        B        C        D        E       F      G
               +--------+--------+--------+--------+--------+-----+--------+
         Total |  42434 |  40398 |   2036 |   8939 |  24573 |  31 | 1368.8 |
       Dungeon |  20588 |  19543 |   1045 |   5371 |  10726 |  15 | 1372.5 |
        Temple |    377 |    350 |     27 |    142 |    194 |   1 |  377.0 |
          Lair |   7720 |   7230 |    490 |    695 |   5616 |   6 | 1286.7 |
     Snake Pit |   8080 |   7859 |    221 |   1733 |   4679 |   4 | 2020.0 |
  Orcish Mines |   2217 |   2014 |    203 |    584 |    957 |   2 | 1108.5 |
        Vaults |   3420 |   3372 |     48 |    412 |   2399 |   2 | 1710.0 |
         Crypt |     29 |     29 |      0 |      0 |      2 |   1 |   29.0 |
               +--------+--------+--------+--------+--------+-----+--------+

Top non-repeatable levels by time:
 Snake:4: 3089 daAuts
 Snake:3: 2763 daAuts
    D:12: 2469 daAuts
     D:7: 2228 daAuts
     D:8: 2145 daAuts
Vaults:2: 1858 daAuts
     D:3: 1819 daAuts
     D:9: 1661 daAuts
    D:15: 1629 daAuts
Vaults:1: 1561 daAuts
    D:13: 1554 daAuts
  Lair:2: 1441 daAuts
  Lair:6: 1404 daAuts
  Lair:3: 1337 daAuts
  Lair:4: 1317 daAuts
